Map: Dusk Towers

Players

ViBE - Winner!

  • Race: Zerg Zerg
  • League: Grandmaster

Pokebunny

  • Race: Terran Terran
  • League: Grandmaster

VOD

Have the link to the VOD?

Description

Time

  • Played on: April 4, 2016, 3:46 p.m.
  • Length: 12:00
Show
View Real Time Build Order
Export as new Build Order

ViBE Zerg - Winner!

Build Orders: Hatch First, Muta Ling Bane 

Get SALT Encoding   

  12  0:00  Drone  
  13  0:12  Overlord  
  13  0:18  Drone  
  14  0:31  Drone x2  
  16  0:38  Drone  
  17  0:56  Hatchery  
  16  0:58  Drone  
  17  1:13  Spawning Pool, Drone  
  17  1:18  Drone  
  17  1:23  Drone  
  19  1:29  Extractor  
  18  1:33  Drone  
  19  1:43  Overlord  
  19  1:52  Drone  
  20  2:00  Queen  
  22  2:02  Zergling x2  
  22  2:07  Queen  
  25  2:09  Drone  
  26  2:20  Drone x2  
  27  2:31  Hatchery  
  25  2:45  Queen  
  25  2:48  Metabolic Boost  
  27  2:52  Drone x2  
  29  2:59  Overlord  
  29  3:03  Drone  
  29  3:04  Drone x2  
  32  3:10  Drone  
  32  3:11  Drone  
  34  3:21  Queen  
  34  3:26  Overlord  
  36  3:29  Zergling x2  
  36  3:30  Zergling x6  
  40  3:34  Zergling x2  
  40  3:35  Zergling x2  
  40  3:39  Zergling x2  
  43  3:44  Drone x3  
  46  3:52  Drone  
  46  3:53  Drone x3  
  50  3:57  Drone x4  
  54  4:03  Lair  
  54  4:11  Drone  
  54  4:12  Drone x3  
  54  4:15  Overlord  
  58  4:24  Extractor  
  58  4:25  Drone x2, Extractor  
  58  4:27  Overlord x2  
  57  4:40  Drone x8  
  57  4:42  Overlord x2  
  65  4:57  Extractor  
  65  4:58  Extractor, Baneling Nest  
  63  5:00  Zergling x20  
  63  5:05  Zergling x8  
  73  5:31  Drone x5  
  73  5:32  Drone x5  
  82  5:41  Centrifical Hooks  
  82  5:42  Spire  
  82  5:43  Baneling  
  82  5:44  Baneling x2  
  82  5:45  Drone x4  
  82  5:46  Drone x2  
  87  5:52  Extractor  
  87  5:55  Drone  
  87  5:56  Drone x2  
  89  6:00  Overlord  
  89  6:01  Overlord  
  89  6:11  Drone  
  90  6:12  Overlord x4  
  90  6:14  Evolution Chamber  
  90  6:15  Evolution Chamber  
  88  6:21  Baneling x4  
  88  6:28  Drone  
  88  6:29  Drone  
  88  6:32  Zergling x6  
  93  6:33  Zergling x6  
  93  6:34  Queen  
  96  6:41  Zergling x6  
  96  6:46  Baneling x4  
  99  6:53  Mutalisk x2  
  99  6:54  Mutalisk x6  
  99  6:55  Spine Crawler  
  99  6:56  Zergling x8, Spine Crawler  
  99  6:57  Baneling x4  
  99  6:58  Baneling  
  117  7:05  Zergling x2  
  117  7:06  Zergling x2  
  119  7:11  Zergling x2  
  119  7:13  Queen x3  
  119  7:31  Spine Crawler  
  118  7:38  Zergling x24  
  118  7:39  Baneling  
  118  7:40  Baneling x14  
  104  8:12  Zerg Melee Weapons Level 1, Zerg Ground Armor Level 1  
  104  8:13  Zerg Flyer Weapons Level 1  
  104  8:21  Mutalisk x2  
  104  8:22  Mutalisk x4  
  116  8:33  Mutalisk  
  116  8:34  Mutalisk  
  118  8:35  Hatchery  
  119  8:43  Zergling x20  
  119  8:44  Overlord  
  119  8:45  Overlord x3  
  129  8:55  Infestation Pit  
  129  9:02  Zergling x2  
  129  9:03  Zergling x8  
  133  9:11  Overlord x3  
  133  9:12  Overlord  
  133  9:13  Zergling x10  
  133  9:15  Hatchery, Baneling x2  
  133  9:16  Baneling x15  
  137  9:32  Zergling x10  
  137  9:33  Zergling x4  
  144  9:54  Zergling x22  
  155  10:10  Zergling x14  
  162  10:14  Hive  
  162  10:19  Baneling x13  
  162  10:20  Baneling x5  
  146  10:39  Zergling x24  
  148  10:48  Zergling x2  
  148  10:49  Zergling x6  
  143  11:10  Mutalisk  
  143  11:11  Mutalisk x6  
  145  11:15  Zergling x4  
  159  11:32  Ultralisk Cavern  
  159  11:40  Zergling x30  
Show
View Real Time Build Order
Export as new Build Order

Pokebunny Terran 

Build Orders: Reaper Expand, Bio Tank 

Get SALT Encoding   

  12  0:00  SCV  
  13  0:13  SCV  
  14  0:17  Supply Depot  
  14  0:25  SCV  
  15  0:39  SCV  
  15  0:40  Barracks  
  16  0:44  Refinery  
  16  0:51  SCV  
  17  1:03  SCV  
  18  1:15  SCV  
  19  1:27  Orbital Command, Reaper  
  20  1:39  Command Center  
  20  1:51  Supply Depot  
  20  1:53  SCV  
  21  1:59  Barracks Reactor  
  21  2:05  SCV  
  21  2:07  Barracks  
  22  2:15  Barracks  
  22  2:18  SCV  
  23  2:25  Refinery  
  23  2:32  SCV  
  24  2:40  Marine x2  
  26  2:44  Factory, SCV  
  27  2:53  Orbital Command  
  27  2:57  Barracks Tech Lab, SCV  
  28  3:03  Marine x2  
  30  3:06  Marine  
  30  3:12  SCV  
  32  3:17  Marine, Stimpack  
  33  3:20  SCV  
  34  3:29  Starport, Factory Reactor  
  34  3:31  Marine x2  
  36  3:36  SCV  
  36  3:38  SCV  
  38  3:41  Marine  
  38  3:42  Marine  
  38  3:45  Supply Depot  
  40  3:49  SCV  
  40  3:50  SCV  
  40  3:51  Marine x2  
  44  4:01  Marine  
  44  4:02  Marine, Supply Depot  
  46  4:06  SCV x2  
  48  4:15  Marine, Medivac x2  
  52  4:20  Supply Depot  
  52  4:22  Marine x2  
  52  4:24  SCV x2  
  55  4:26  Marine  
  55  4:31  Factory Tech Lab  
  57  4:36  SCV  
  57  4:37  SCV  
  59  4:39  Marine  
  59  4:40  Marine  
  61  4:48  Barracks Reactor, Marine  
  61  4:50  Siege Tank  
  65  4:53  Supply Depot  
  65  4:55  SCV x2  
  65  4:56  Marine  
  65  4:58  Marine  
  69  5:04  Command Center  
  69  5:09  Refinery x2  
  69  5:10  Marine  
  70  5:17  Combat Shields  
  70  5:23  Engineering Bay  
  70  5:25  Engineering Bay  
  70  5:31  Marine x3  
  70  5:32  Marine x2  
  71  5:37  Siege Tank  
  71  5:38  SCV x2  
  76  5:51  Marine x2  
  78  6:00  Terran Infantry Armor Level 1, Terran Infantry Weapons Level 1  
  78  6:02  Supply Depot  
  78  6:08  Supply Depot  
  78  6:15  Marine x3, Medivac, SCV  
  78  6:16  Marine x2  
  78  6:18  Siege Tank  
  89  6:20  Orbital Command  
  89  6:27  SCV x2  
  89  6:32  Supply Depot x2  
  91  6:42  SCV x2  
  91  6:44  Orbital Command  
  93  6:50  Siege Tank  
  93  6:54  SCV x2  
  98  6:57  Missile Turret  
  98  7:02  Armory  
  98  7:05  Missile Turret  
  98  7:13  Marine x4  
  98  7:14  Marine  
  103  7:22  Siege Tank  
  106  7:30  Medivac x2  
  106  7:31  Marine x5  
  110  7:46  Barracks  
  110  7:48  Barracks  
  110  7:49  Marine x5  
  98  7:55  SCV x3  
  89  8:03  Terran Infantry Weapons Level 2, Terran Infantry Armor Level 2  
  83  8:06  Siege Tank  
  83  8:08  SCV x3  
  85  8:13  Missile Turret  
  85  8:16  Marine x5  
  90  8:31  Missile Turret  
  89  8:36  SCV, Missile Turret  
  89  8:37  SCV x2  
  89  8:38  Barracks Reactor x2  
  89  8:40  Siege Tank  
  95  8:42  Marine x4  
  95  8:43  Medivac  
  95  8:44  Medivac  
  103  8:48  SCV  
  103  8:49  SCV x2  
  103  8:50  Missile Turret  
  103  8:51  Supply Depot  
  103  8:52  Supply Depot  
  106  9:01  Supply Depot  
  106  9:02  Supply Depot, Missile Turret  
  106  9:03  Marine x3  
  106  9:04  Marine x2  
  106  9:05  SCV x3  
  106  9:09  Refinery  
  114  9:13  Medivac  
  114  9:14  Medivac  
  118  9:21  Starport, SCV x2  
  118  9:23  Refinery, SCV  
  121  9:25  Command Center  
  119  9:37  Marine x2  
  121  9:44  Marine x5  
  121  9:45  Marine  
  126  9:56  Marine x3  
  126  9:57  Siege Tank  
  132  10:02  Marine x2  
  134  10:07  Marine  
  134  10:08  Supply Depot, Marine x2  
  134  10:10  Supply Depot x2  
  134  10:13  Barracks  
  137  10:14  Barracks  
  137  10:15  Barracks  
  135  10:28  Marine x3  
  115  10:29  Marine  
  115  10:30  Marine x2  
  95  10:44  Orbital Command, Marine x2  
  87  10:55  SCV x2, Missile Turret  
  87  11:01  Siege Tank  
  90  11:12  SCV x3  
  90  11:16  Missile Turret  
  93  11:18  Missile Turret  
  98  11:32  Marine  
  99  11:33  Marine x7  
  106  11:40  SCV  
  106  11:41  SCV x2  
Tags
 
Add a new tag
Caveats
  • Supply blocks, unpowered buildings, or Contaminate may cause inaccurate times.
  • Supply counts are checked every 10 seconds.